 Dungeon Crawl Stone Soup version 0.25-a0-942-g87a53962fc (webtiles) character file.

Game seed: 6809382932714017015, levelgen mode: deterministic

11076 Flugslaktarn the Cleaver (level 11, -1/101 HPs)
             Began as a Minotaur Fighter on May 7, 2020.
             Was an Initiate of Gozag.
             Hit by a large rock thrown by a cyclops (7 damage)
             ... on level 11 of the Dungeon.
             The game lasted 00:05:25 (10677 turns).

Flugslaktarn the Cleaver (Minotaur Fighter)        Turns: 10677, Time: 00:05:25

Health: -1/101     AC: 20    Str: 23    XL:     11   Next: 44%
Magic:  10/10      EV:  6    Int:  5    God:    Gozag
Gold:   1681       SH: 12    Dex: 11    Spells: 10/10 levels left

rFire    . . .     SeeInvis .   j - +2 hand axe (elec)
rCold    . . .     Gourm    .   c - +0 kite shield
rNeg     . . .     Faith    .   n - +0 plate armour
rPois    .         Spirit   .   (helmet restricted)
rElec    .         Reflect  .   m - +1 cloak
rCorr    .         Harm     .   v - +2 pair of gloves
MR       .....                  (no boots)
Stlth    ..........             (no amulet)
HPRegen  0.26/turn              (no ring)
MPRegen  0.12/turn              (no ring)

@: gold aura
A: retaliatory headbutt, horns 2
a: Potion Petition, Call Merchant, Bribe Branch, Renounce Religion


You were on level 11 of the Dungeon.
You worshipped Gozag.
Gozag was most pleased with you.
You were not hungry.

You visited 3 branches of the dungeon, and saw 13 of its levels.

You collected 1775 gold pieces.
You paid 94 gold pieces to Gozag.

Inventory:

Hand Weapons
 a - a +0 war axe
 j - a +2 hand axe of electrocution (weapon)
   (You took it off an orc priest on level 4 of the Dungeon)
Armour
 c - a +0 kite shield (worn)
 m - a +1 cloak (worn)
   (You found it on level 6 of the Dungeon)
 n - a +0 plate armour (worn)
   (You took it off an orc warrior on level 7 of the Dungeon)
 v - a +2 pair of gloves (worn)
   (You found it on level 9 of the Dungeon)
Jewellery
 B - a +2 ring of dexterity {unknown}
   (You found it on level 10 of the Dungeon)
Wands
 b - a wand of acid (10)
   (You found it on level 4 of the Dungeon)
 p - a wand of paralysis (10)
   (You found it on level 5 of the Dungeon)
Scrolls
 f - 4 scrolls of magic mapping
 k - 2 scrolls of fog
 o - 2 scrolls of enchant armour {unknown}
 r - 2 scrolls of identify
 t - 2 scrolls of teleportation
 u - a scroll of enchant weapon
 x - 4 scrolls of remove curse
 y - a scroll of random uselessness {unknown}
 z - 3 scrolls of blinking
Potions
 d - a potion of might
 g - 3 potions of mutation {unknown}
 h - 2 potions of haste
 i - 2 potions of magic {unknown}
 l - a potion of resistance {unknown}
 q - 3 potions of curing
 s - 2 potions of stabbing
 w - 5 potions of heal wounds
 A - a potion of cancellation {unknown}
 C - a potion of lignification
Comestibles
 e - 23 rations


   Skills:
 + Level 10.4 Fighting
 * Level 13.5 Axes
 + Level 10.4 Armour
 + Level 10.4 Shields


You had 10 spell levels left.
You didn't know any spells.
Your spell library was empty.

Dungeon Overview and Level Annotations

Branches:
Dungeon (11/15)            Temple (1/1) D:5            Lair (1/6) D:8
    Orc: D:9-12

Altars:
Ashenzari
Cheibriados
Dithmenos
Elyvilon
Fedhas
Gozag
Hepliaklqana
Kikubaaqudgha
Makhleb
Nemelex Xobeh
Okawaru
Qazlal
Ru
Sif Muna
Trog
Uskayaw
Vehumet
Wu Jian
Xom
Yredelemnul
Zin
The Shining One


Innate Abilities, Weirdness & Mutations

You reflexively headbutt those who attack you in melee.
You have a pair of horns on your head.


Message History

A cyclops comes into view.
A cyclops is nearby!
A cyclops is nearby!
A cyclops is nearby!
Items here: $ ( )) [ 6 gold pieces; a +1 great mace; a +0 arbalest; 11 bolts; a +0 chain mail The cyclops throws a large rock.
The large rock hits you!!
* * * LOW HITPOINT WARNING * * *
You see here a large rock.
You are too injured to fight recklessly!
You are too injured to fight recklessly!
You are too injured to fight recklessly!
You are too injured to fight recklessly!
You are too injured to fight recklessly!
Unknown command.
Items here: $ ( )) [ 6 gold pieces; a +1 great mace; a +0 arbalest; 11 bolts; a +0 chain mail The cyclops throws a large rock.
The large rock hits you!
You die...
Your body crumbles into a pile of gold.

......
..... ##.
#...# #...
#...# #...
#...#
.....#..<#
.....#.$.#
.......$$#
.......$@#
##....$$#
#....(.#
##.....#
#.....#
##....#
#..C..
##.....
......


You could see a cyclops.

Vanquished Creatures
  Erolcha (D:9)
  A death knight (D:11)
  3 death yaks (D:8)
  An orc knight (D:11)
  A troll (D:11)
  2 hornets (D:9)
  A hippogriff (Lair:1)
  3 yaks (D:8)
  A basilisk (Lair:1)
  4 hogs (D:9)
  A human (D:9)
  3 hungry ghosts (D:10)
  5 sky beasts
  5 orc warriors
  3 ice beasts
  4 ogres
  4 centaurs
  A crocodile (D:9)
  2 big kobolds (D:9)
  11 bullfrogs
  A wyvern zombie (D:8)
  4 wights (D:8)
  4 killer bees (D:7)
  A howler monkey (D:10)
  5 crimson imps
  4 centaur zombies
  A bullfrog zombie (D:6)
  8 hounds
  2 centaur skeletons (D:8)
  17 orc wizards
  A jelly (D:8)
  6 orc priests
  Jessica (D:2)
  2 iguanas (D:4)
  9 worker ants
  A hound zombie (D:10)
  2 hound skeletons
  A worker ant zombie (D:10)
  8 adders
  3 shadow imps
  3 oozes
  An adder zombie (D:6)
  An adder skeleton (D:7)
  4 worms
  8 leopard geckos
  28 orcs
  6 bats
  7 giant cockroaches
  17 goblins
  10 hobgoblins
  11 jackals
  3 quokkas
  A ball python skeleton (D:4)
  5 frilled lizards
  21 kobolds
  5 rats
269 creatures vanquished.

Notes
Turn   | Place    | Note
-------+----------+-------------------------------------------
     0 | D:1      | Flugslaktarn the Minotaur Fighter began the quest for the
                  | Orb.
     0 | D:1      | Reached XP level 1. HP: 19/19 MP: 0/0
     3 | D:1      | Noticed a gargoyle
     5 | D:1      | Noticed an elf
     5 | D:1      | Noticed a formicid
     7 | D:1      | Noticed a demonspawn
     7 | D:1      | Noticed a draconian
     9 | D:1      | Noticed a vampire
    11 | D:1      | Noticed a vine stalker
    13 | D:1      | Noticed a troll
    13 | D:1      | Noticed a centaur
    15 | D:1      | Noticed a naga
    15 | D:1      | Noticed a minotaur
    17 | D:1      | Noticed a tengu
    17 | D:1      | Noticed a dwarf
    19 | D:1      | Noticed an octopode
    19 | D:1      | Noticed a spriggan
    21 | D:1      | Noticed an ogre
    23 | D:1      | Noticed a ghoul
    23 | D:1      | Noticed a felid
    25 | D:1      | Noticed a human
    25 | D:1      | Noticed a demigod
    27 | D:1      | Noticed a halfling
    27 | D:1      | Noticed a merfolk
    56 | D:1      | Reached XP level 2. HP: 27/27 MP: 1/1
   248 | D:1      | Reached skill level 3 in Axes
   507 | D:1      | Reached XP level 3. HP: 31/33 MP: 2/2
  1153 | D:2      | Found an ornate altar of the Wu Jian Council.
  1197 | D:2      | Found a sparkling altar of Nemelex Xobeh.
  1198 | D:2      | Found a glowing golden altar of the Shining One.
  1207 | D:2      | Found an ancient bone altar of Kikubaaqudgha.
  1207 | D:2      | Found a glowing silver altar of Zin.
  1210 | D:2      | Found a snail-covered altar of Cheibriados.
  1317 | D:2      | Reached XP level 4. HP: 34/40 MP: 3/3
  1458 | D:2      | Noticed Jessica
  1460 | D:2      | Killed Jessica
  1460 | D:2      | Reached skill level 4 in Axes
  2202 | D:3      | Reached XP level 5. HP: 26/47 MP: 4/4
  2604 | D:3      | Noticed an ice beast
  2611 | D:3      | Killed an ice beast
  2611 | D:3      | Reached skill level 5 in Axes
  2611 | D:3      | Reached XP level 6. HP: 45/55 MP: 5/5
  2613 | D:3      | Reached skill level 5 in Fighting
  3027 | D:4      | Reached skill level 5 in Armour
  3045 | D:4      | Reached skill level 5 in Shields
  3227 | D:4      | Found a shattered altar of Ashenzari.
  3572 | D:4      | Reached skill level 6 in Axes
  3648 | D:4      | Reached XP level 7. HP: 54/61 MP: 6/6
  3730 | D:4      | Found a shimmering altar of Xom.
  3894 | D:5      | Entered Level 5 of the Dungeon
  3895 | D:5      | Found a staircase to the Ecumenical Temple.
  3904 | Temple   | Entered the Ecumenical Temple
  3918 | Temple   | Became a worshipper of Gozag Ym Sagoz the Greedy
  4895 | D:6      | Reached skill level 7 in Axes
  4910 | D:6      | HP: 2/63 [orc wizard/magic dart (11)]
  5181 | D:6      | Reached XP level 8. HP: 57/70 MP: 7/7
  5350 | D:6      | Reached skill level 8 in Axes
  6056 | D:6      | Found a basalt altar of Yredelemnul.
  6416 | D:7      | Reached skill level 9 in Axes
  6597 | D:7      | Reached XP level 9. HP: 79/79 MP: 8/8
  7103 | D:8      | Found a white marble altar of Elyvilon.
  7124 | D:8      | Noticed a death yak
  7126 | D:8      | Found a staircase to the Lair.
  7126 | D:8      | Noticed a death yak
  7129 | D:8      | Noticed a death yak
  7593 | D:8      | Reached skill level 10 in Axes
  7943 | D:8      | Killed a death yak
  7955 | D:8      | Killed a death yak
  7955 | D:8      | Reached skill level 11 in Axes
  7955 | D:8      | Reached XP level 10. HP: 28/90 MP: 9/9
  8433 | Lair:1   | Entered Level 1 of the Lair of Beasts
  8660 | D:8      | Killed a death yak
  8774 | Lair:1   | Noticed a five-headed hydra
  8811 | D:8      | Reached skill level 12 in Axes
  9126 | D:9      | Found a sacrificial altar of Ru.
  9164 | D:9      | Found a bloodstained altar of Trog.
  9484 | D:9      | Noticed Erolcha
  9496 | D:9      | Killed Erolcha
  9995 | D:9      | Reached XP level 11. HP: 99/99 MP: 10/10
 10234 | D:10     | Entered Level 10 of the Dungeon
 10282 | D:10     | Reached skill level 10 in Armour
 10282 | D:10     | Reached skill level 10 in Shields
 10291 | D:10     | Reached skill level 10 in Fighting
 10396 | D:10     | Reached skill level 13 in Axes
 10630 | D:11     | Noticed a death knight
 10638 | D:11     | Noticed an orc knight
 10653 | D:11     | Killed a death knight
 10660 | D:11     | Killed an orc knight
 10675 | D:11     | HP: 5/101 [cyclops/large rock (29)]
 10677 | D:11     | Hit by a large rock thrown by a cyclops

Levels and vault maps discovered:
D:1:      kb_arrival_jail, layout_basic, minivault_4
D:2:      layout_loops_corners, nicolae_overflow_crystal_walls, minitemple,
          uniq_jessica
D:3:      layout_rooms
D:4:      layout_cave_pools, ashenzari_conservatory_becter,
          kennysheep_mini_moat, first_ration, serial_rivers,
          chequers_serial_rivers_micro_a, chequers_serial_rivers_small_b,
          chequers_serial_rivers_micro_b, chequers_serial_rivers_micro_b,
          chequers_serial_rivers_small_3
D:5:      layout_cave_pods, minmay_temple_entry_wispy,
          minmay_a_box_with_orc_wizards_in_it
D:6:      layout_loops_ring, kennysheep_mini, gup_sewer_entry_pipe
D:7:      layout_basic
D:8:      layout_gridville, elyvilon_altar_5, dpeg_lair_monsters
D:9:      layout_roguey, lemuel_crystal_altar, basic_altar, grunt_livestock,
          uniq_erolcha
D:10:     layout_gridville
D:11:     minmay_the_grid_four_pointed_star_mashed
          [minmay_the_grid_triangle_9x9_longest,
          minmay_the_grid_triangle_9x9_zippers_horizontal,
          minmay_the_grid_triangle_9x9_checkered,
          minmay_the_grid_triangle_9x9_alien,
          minmay_the_grid_prize_four_corners_diamond_a], layout_long_grid,
          erik_orc_1, grunt_ministairs_8, fedhas_altar_3
Temple:   minmay_freezing_vapour_temple
Lair:1:   layout_long_grid, chequers_serial_rivers_micro_b, beast_lair_carwin_7,
          serial_bayou_shore_b, uniq_urug

Skill      XL: |  1  2  3  4  5  6  7  8  9 10 11 |
---------------+----------------------------------+-----
Axes           | 3 4 5 6 7 9 11 12 13 | 13.5
Fighting       | 4 5 6 7 8 9 10 | 10.4
Armour         | 4 5 6 7 8 9 10 | 10.4
Shields        | 4 5 6 7 8 9 10 | 10.4

Action                   |  1- 3 |  4- 6 |  7- 9 | 10-12 || total
-------------------------+-------+-------+-------+-------++-------
Melee: War axe           |   105 |   121 |       |       ||   226
       Headbutt          |    16 |    20 |    58 |    56 ||   150
       Hand axe          |       |    11 |   302 |   288 ||   601
Evoke: Wand              |       |       |     1 |       ||     1
  Use: Scroll            |       |     6 |     9 |     1 ||    16
       Potion            |       |       |     1 |       ||     1
 Stab: Distracted        |       |       |       |     2 ||     2
  Eat: Chunk             |     1 |     8 |     1 |       ||    10
       Ration            |       |       |     4 |     4 ||     8
Armor: Scale mail        |    36 |     5 |       |       ||    41
       Chain mail        |       |    62 |    72 |       ||   134
       Plate armour      |       |       |    39 |    95 ||   134
Dodge: Dodged            |    34 |    34 |    64 |    42 ||   174
Block: Kite shield       |    52 |    55 |   100 |   110 ||   317

Table legend:
 A = Non-vault XP
 B = Vault XP
 C = Vault XP percentage of total XP
 D = Non-vault monster count
 E = Vault monster count
 F = Vault count percentage of total count
                 A         B        C        D         E       F
            +---------+---------+-------+---------+---------+-------
      Total |    7847 |    7977 |  50.4 |     232 |      37 |  13.8
            +---------+---------+-------+---------+---------+-------
        D:1 |      74 |       0 |   0.0 |      36 |       0 |   0.0
        D:2 |      63 |      37 |  37.0 |      20 |       1 |   4.8
        D:3 |     265 |       0 |   0.0 |      23 |       0 |   0.0
        D:4 |     300 |       0 |   0.0 |      13 |       0 |   0.0
        D:5 |      70 |     147 |  67.7 |       4 |       4 |  50.0
        D:6 |    1272 |      17 |   1.3 |      33 |       7 |  17.5
        D:7 |    1007 |       0 |   0.0 |      23 |       0 |   0.0
        D:8 |     953 |    3385 |  78.0 |      15 |       8 |  34.8
        D:9 |    1660 |    1952 |  54.0 |      38 |       6 |  13.6
       D:10 |    1429 |       0 |   0.0 |      18 |       0 |   0.0
       D:11 |     295 |    2163 |  88.0 |       7 |       8 |  53.3
     Lair:1 |     459 |     276 |  37.6 |       2 |       3 |  60.0
            +---------+---------+-------+---------+---------+-------
